 Dungeon Crawl Stone Soup version 0.29.1-12-g30fa7ad0bf (webtiles) character file.

Game seed: 12566558024800562634

424 Descartes the Firebug (level 6, -7/41 HPs)
             Began as a Demonspawn Fire Elementalist on Jan 17, 2023.
             Mangled by an ogre
             ... wielding a +0 giant spiked club
              (20 damage)
             ... on level 3 of the Dungeon.
             The game lasted 00:09:10 (3905 turns).

Descartes the Firebug (DsFE)                        Turns: 3905, Time: 00:09:10

Health: -7/41      AC:  6    Str:  8    XL:     6   Next: 64%
Magic:  5/9        EV: 12    Int: 22    God:
Gold:   120        SH:  0    Dex: 13    Spells: 8/9 levels left

rFire   . . .      SeeInvis .   j - +7 sling "Idinagod" {flame, Int+3}
rCold   . . .      Faith    .   (no shield)
rNeg    . . .      Spirit   .   a - +0 robe
rPois   .          Reflect  .   (no helmet)
rElec   .          Harm     .   (no cloak)
rCorr   .          Rampage  .   h - +0 pair of gloves
Will    .....                   e - +0 pair of boots
Stlth   ++........              (no amulet)
HPRegen 0.13/turn               (no ring)
MPRegen 0.11/turn               (no ring)

@: no status effects
A: hooves 1, molten scales 1, foul stench 1, spiny 1
a: no special abilities


You were on level 3 of the Dungeon.
You visited 1 branch of the dungeon, and saw 4 of its levels.

You collected 120 gold pieces.

Inventory:

Hand Weapons
 d - a +1 flail of protection
 j - the +7 sling "Idinagod" (weapon) {flame, Int+3}
   (You found it on level 2 of the Dungeon)

   Any ammunition fired from it burns those it strikes, dealing additional fire
   damage.
   Int:       It affects your intelligence (+3).
Armour
 a - a +0 robe (worn)
 e - a +0 pair of boots (worn)
 h - a +0 pair of gloves (worn)
Jewellery
 m - a +6 ring of strength
Wands
 o - a wand of paralysis (13)
 p - a wand of mindburst (9)
 s - a wand of roots (8)
Scrolls
 k - a scroll of fog {unknown}
 n - a scroll of magic mapping {unknown}
 q - a scroll of blinking {unknown}
 r - a scroll of enchant armour {unknown}
Potions
 b - a potion of magic
 c - 3 potions of invisibility {unknown}
 f - 2 potions of heal wounds
 g - a potion of haste {unknown}
 i - a potion of degeneration {unknown}
 l - a potion of curing {unknown}
 t - a potion of attraction {unknown}
 u - a potion of lignification {unknown}


   Skills:
 - Level 1.8 Dodging
 - Level 1.8 Stealth
 - Level 2.0 Spellcasting
 - Level 1.0 Conjurations
 + Level 6.9 Fire Magic


You had 8 spell levels left.
You knew the following spells:

 Your Spells              Type           Power      Damage    Failure   Level
a - Foxfire               Conj/Fire      76%        2x1d7     2%          1

Your spell library contained the following spells:

 Spells                   Type           Power      Damage    Failure   Level
 Scorch                   Fire           64%        2d8       1%          2
 Conjure Flame            Conj/Fire      19%        6-21      9%          3
 Inner Flame              Hex/Fire       17%        N/A       10%         3
 Ignite Poison            Fire/Tmut/Pois 12%        N/A       16%         3
 Flame Wave               Conj/Fire      19%        2d7       26%         4
 Sticky Flame             Conj/Fire      19%        2d4       26%         4
 Confusing Touch          Hex            2%         N/A       38%         3
 Yara's Violent Unravell  Hex/Tmut       1%         3d3       98%         5
 Enfeeble                 Hex            1%         N/A       100%        7


Dungeon Overview and Level Annotations

Branches:
Dungeon (4/15)
 Temple: D:4-7

Altars:

Shops:
D:1 !   D:4 [


Innate Abilities, Weirdness & Mutations

You have large cloven feet.
You are partially covered in molten scales. (AC +2)
You may rarely emit foul miasma when damaged in melee.
You are partially covered in sharp spines.


Message History

An endoplasm is nearby!
Casting: Foxfire (safe; 2% risk of failure)
Confirm with . or Enter, or press ? or * to list all spells.
You don't have enough magic to cast this spell.
Unknown command.
The foxfire hits the endoplasm.
The endoplasm is heavily wounded.
Your foxfire dissipates!
The foxfire hits the endoplasm.
The endoplasm is severely wounded.
The foxfire hits the endoplasm.
You kill the endoplasm!
An endoplasm comes into view.
Casting: Foxfire (safe; 2% risk of failure)
Confirm with . or Enter, or press ? or * to list all spells.
You don't have enough magic to cast this spell.
Unknown command.
Casting: Foxfire (safe; 2% risk of failure)
Confirm with . or Enter, or press ? or * to list all spells.
You don't have enough magic to cast this spell.
An ogre comes into view. It is wielding a +0 giant spiked club.
The ogre shouts!
The ogre is struck by your spines.
The ogre hits you with a +0 giant spiked club!!
Ouch! That really hurt!
* * * LOW HITPOINT WARNING * * *
An endoplasm comes into view.
The endoplasm quivers.
The ogre barely misses you.
There is a stone staircase leading up here.
The ogre is struck by your spines. The ogre closely misses you.
You climb upwards.
There is a stone staircase leading down here.
The ogre attacks as you move away! The ogre is struck by your spines.
The ogre barely misses you. The ogre attacks as you move away!
The ogre is struck by your spines. The ogre misses you.
The ogre attacks as you move away!
The ogre hits you with a +0 giant spiked club!!
You die...

#..........#
#..........#
#..........#
#..........#
#..........#
#..........#
#.........##
#.........##
####...@...#
#..O....#
#.[.....# ###
#######.......#
..#
#..........####
#.#
#.......####
#.# #.......#
#.# #.......#
#.# #.......#


You could see an ogre.

Vanquished Creatures
  Grinder (D:3)
  A howler monkey (D:4)
  Ijyb (D:3)
  Terence (D:3)
  An iguana (D:4)
  2 adders
  2 dart slugs
  5 orcs (D:3)
  8 endoplasms
  A giant cockroach (D:3)
  6 goblins
  7 hobgoblins
  5 jackals
  5 quokkas
  13 ball pythons
  6 bats (D:2)
  4 frilled lizards
  4 kobolds
  10 rats
83 creatures vanquished.

Vanquished Creatures (others)
  294 foxfires
294 creatures vanquished.

Grand Total: 377 creatures vanquished

Notes
Turn   | Place    | Note
-------+----------+-------------------------------------------
     0 | D:1      | Descartes the Demonspawn Fire Elementalist began the quest
                  | for the Orb.
     0 | D:1      | Reached XP level 1. HP: 13/13 MP: 3/3
   355 | D:1      | Found a faded altar of an unknown god.
   359 | D:1      | Reached skill level 3 in Fire Magic
   361 | D:1      | Gained mutation: You may rarely emit foul miasma when
                  | damaged in melee. [demonic ancestry]
   361 | D:1      | Reached XP level 2. HP: 19/19 MP: 0/5
   843 | D:1      | Found Gaeczozi's Distillery.
  1191 | D:2      | Gained mutation: You have large cloven feet. [demonic
                  | ancestry]
  1191 | D:2      | Reached XP level 3. HP: 24/24 MP: 2/6
  1368 | D:2      | Reached skill level 4 in Fire Magic
  1870 | D:2      | Identified the +7 sling "Idinagod" {flame, Int+3}
  2060 | D:2      | Gained mutation: You are partially covered in molten
                  | scales. (AC +2) [demonic ancestry]
  2060 | D:2      | Reached XP level 4. HP: 30/30 MP: 1/7
  2299 | D:3      | Noticed Grinder
  2613 | D:3      | Noticed Terence
  2639 | D:3      | Killed Terence
  3033 | D:3      | Reached skill level 5 in Fire Magic
  3135 | D:3      | Noticed Ijyb
  3149 | D:3      | Paralysed by Ijyb for 3 turns
  3154 | D:3      | Killed Ijyb
  3155 | D:3      | Gained mutation: You are partially covered in sharp spines.
                  | [demonic ancestry]
  3155 | D:3      | Reached XP level 5. HP: 24/35 MP: 0/8
  3633 | D:3      | Killed Grinder
  3634 | D:3      | Reached skill level 6 in Fire Magic
  3634 | D:3      | Reached XP level 6. HP: 31/41 MP: 1/9
  3838 | D:4      | Found Jubbo's Armour Emporium.
  3905 | D:3      | Mangled by an ogre

Illustrated notes

Levels and vault maps discovered:
D:1:      spicycebolla_arrival_transporter_tutorial, layout_basic, serial_shops,
          nicolae_diamond_shop, chequers_ecumenical_altar_island
D:2:      layout_loops_ring
D:3:      layout_basic, nicolae_figureground_pulse, uniq_grinder, uniq_terence,
          uniq_ijyb
D:4:      layout_gridville, minmay_temple_entry_steel_oval, serial_shops, shop

Skill      XL: |  1  2  3  4  5 |
---------------+----------------+-----
Fire Magic     | 3 4 5 6 |  6.9
Dodging        | |  1.8
Stealth        | |  1.8
Spellcasting   | |  2.0
Conjurations   | |  1.0

Action                   |  1- 3 |  4- 6 || total
-------------------------+-------+-------++-------
 Fire: Sling             |     1 |    24 ||    25
 Cast: Foxfire           |    89 |    83 ||   172
Armor: Robe              |     9 |     4 ||    13
Dodge: Dodged            |    12 |     9 ||    21
